 Dungeon Crawl Stone Soup version 0.27.1-33-g824d729ab1 (webtiles) character file.

Game seed: 15331419171375011300

18 DemonSlayer the Skirmisher (level 2, 0/19 HPs)
             Began as a Kobold Berserker on Dec 11, 2021.
             Was a Follower of Trog.
             Slain by Sigmund (2 damage)
             ... on level 2 of the Dungeon.
             The game lasted 00:02:11 (753 turns).

DemonSlayer the Skirmisher (Kobold Berserker)        Turns: 753, Time: 00:02:12

Health: 0/19       AC:  3    Str: 14    XL:     2   Next: 85%
Magic:  2/2        EV: 14    Int:  8    God:    Trog [*.....]
Gold:   7          SH:  0    Dex: 14    Spells: 1/1 levels left

rFire    . . .     SeeInvis .   d - +0 dagger
rCold    . . .     Faith    .   (shield restricted)
rNeg     . . .     Spirit   .   c - +0 leather armour
rPois    .         Reflect  .   (no helmet)
rElec    .         Harm     .   (no cloak)
rCorr    .         Rampage  .   (no gloves)
Will     .....                  (no boots)
Stlth    ++........             (no amulet)
HPRegen  0.06/turn              (no ring)
MPRegen  0.08/turn              (no ring)

@: no status effects
A: small, no large weapons, nightstalker 3
a: Renounce Religion, Berserk


You were on level 2 of the Dungeon.
You worshipped Trog.
Trog was aware of your devotion.
You visited 1 branch of the dungeon, and saw 2 of its levels.

You collected 7 gold pieces.

Inventory:

Hand Weapons
 d - a +0 dagger (weapon)
Armour
 c - a +0 leather armour (worn)
Wands
 a - a wand of digging (3)
Scrolls
 b - a scroll of identify {unknown}
Potions
 e - 2 potions of berserk rage {unknown}


   Skills:
 + Level 3.5 Fighting
 + Level 2.7 Axes
 + Level 1.6 Armour
 + Level 2.8 Dodging
 + Level 0.5 Stealth


You had one spell level left.
You didn't know any spells.
Your spell library was empty.

Dungeon Overview and Level Annotations

Branches:
Dungeon (1/15)

Altars:

Annotations:
D:2 Sigmund, Terence


Innate Abilities, Weirdness & Mutations

You are small and have problems with some larger weapons.
You are completely attuned to the shadows.


Message History

Found 23 stones.
You see here 23 stones.
Sigmund the Dreaded comes into view.
He is wielding a +0 scythe.
Sigmund is nearby!
Sigmund is nearby!
Terence the Incautious comes into view.
He is wielding a +0 falchion.
Sigmund shouts!
Terence shouts!
Sigmund points at you and mumbles some strange words.
The magic dart hits you! Sigmund barely misses you.
You hit Sigmund but do no damage. Sigmund gestures at you while chanting.
The magic dart hits you. Terence hits you but does no damage.
You are too injured to fight recklessly!
You are too injured to fight recklessly!
You are too injured to fight recklessly!
You are too injured to fight recklessly!
Unknown command.
You are too injured to fight recklessly!
Unknown command.
You are too injured to fight recklessly!
Unknown command.
You hit Sigmund.
Sigmund is lightly wounded.
Sigmund hits you with a +0 scythe!
* * * LOW HITPOINT WARNING * * *
Terence says, "You're history."
Terence misses you.
You hit Sigmund but do no damage.
Sigmund is lightly wounded.
Sigmund screams, "Don't try to resist!"
Sigmund closely misses you. Terence barely misses you.
You hit Sigmund but do no damage.
Sigmund is lightly wounded.
Terence looks scornfully at you. Terence closely misses you.
You hit Sigmund.
Sigmund is lightly wounded.
Sigmund hits you with a +0 scythe.
You die...

.......#
......#
......#
......####
#...(....#
#........#
#........#
#........#
#....@@..#
......@.#
.......#
########


You could see Sigmund and Terence.

Vanquished Creatures
  A ball python (D:2)
  An endoplasm (D:2)
  3 goblins
  2 hobgoblins
  3 jackals (D:1)
  A quokka (D:2)
  A bat (D:1)
  3 frilled lizards
  A rat (D:2)
16 creatures vanquished.

Vanquished Creatures (others)
  2 fungi (D:1)
2 creatures vanquished.

Grand Total: 18 creatures vanquished

Notes
Turn   | Place    | Note
-------+----------+-------------------------------------------
     0 | D:1      | DemonSlayer the Kobold Berserker began the quest for the
                  | Orb.
     0 | D:1      | Reached XP level 1. HP: 14/14 MP: 1/1
   275 | D:1      | Reached XP level 2. HP: 19/19 MP: 2/2
   478 | D:1      | You fall into a shaft and drop 1 floor!
   745 | D:2      | Noticed Sigmund
   746 | D:2      | Noticed Terence
   753 | D:2      | Slain by Sigmund

Illustrated notes

Levels and vault maps discovered:
D:1:      scummos_arrival_checkerplants, layout_basic, minmay_pentomino_p4
D:2:      layout_rooms, minmay_ruptured, uniq_terence, uniq_sigmund,
          uniq_natasha, uniq_jessica

Action                   || total
-------------------------++-------
Melee: Hand axe          ||    37
       Dagger            ||    14
Invok: Berserk           ||     1
 Stab: Sleeping          ||     3
Armor: Leather armour    ||    11
       Animal skin       ||     1
Dodge: Dodged            ||    43
